 Dungeon Crawl Stone Soup version 0.14.1-18-g0856e53 (webtiles) character file.

398 Kae the Firebug (level 5, -8/28 HPs)
             Began as a Deep Elf Fire Elementalist on June 3, 2014.
             Mangled by a hill giant
             ... wielding a cursed -1,-3 giant spiked club
              (12 damage)
             ... on Level 6 of the Dungeon on June 4, 2014.
             The game lasted 00:06:32 (2890 turns).

Kae the Firebug (Deep Elf Fire Elementalist)        Turns: 2890, Time: 00:06:32

HP  -8/28        AC  2     Str  7      XL: 5   Next: 51%
MP  18/18        EV 12     Int 21      God:
Gold 195         SH  0     Dex 13      Spells:  4 memorised,  2 levels left

rFire  . . .     SeeInvis .     (no weapon)
rCold  . . .     Clarity  .     a - +0 robe
rNeg   . . .     Conserve .     (no shield)
rPois  .         rCorr    .     (no helmet)
rElec  .         rRot     .     (no cloak)
SustAb . .       Spirit   .     (no gloves)
rMut   .         Warding  .     (no boots)
Saprov . . .     Stasis   .     g - amulet of rage
MR     +....                    (no ring)
                                (no ring)

@: somewhat resistant to hostile enchantments, fairly stealthy
A: clumsy 1, magic resistance 1, strong 1
a: Evoke Berserk Rage


You were on level 6 of the Dungeon.
You were not hungry.

You visited 1 branch of the dungeon, and saw 4 of its levels.

You collected 195 gold pieces.

Inventory:

Armour
 a - a +0 robe (worn)
Magical devices
 i - a wand of slowing (17)
Comestibles
 c - 2 bread rations
 f - a choko
 o - an apple
 p - a chunk of gnoll flesh
Scrolls
 e - a scroll of remove curse
 h - a scroll of enchant weapon II
 k - a scroll of recharging
 m - a scroll of enchant weapon I
Jewellery
 g - an amulet of rage (around neck)
 n - a +2 ring of dexterity {unknown}
Books
 b - a book of Flames

   Spells                             Type                      Level
   *Flame Tongue                      Conjuration/Fire             1
   *Throw Flame                       Conjuration/Fire             2
   *Conjure Flame                     Conjuration/Fire             3
   Inner Flame                        Hexes/Fire                   3
   *Sticky Flame                      Conjuration/Fire             4
   Fireball                           Conjuration/Fire             5


   Skills:
 - Level 2.4 Dodging
 - Level 2.4 Stealth
 + Level 4.2 Spellcasting
 * Level 4.3 Conjurations
 * Level 4.6 Fire Magic


You had 2 spell levels left.
You knew the following spells:

 Your Spells              Type           Power        Failure   Level  Hunger
a - Flame Tongue          Conj/Fire      ###..        1%          1    None
b - Throw Flame           Conj/Fire      ###...       2%          2    #......
c - Conjure Flame         Conj/Fire      ###.....     6%          3    ###....
d - Sticky Flame          Conj/Fire      ###.....     21%         4    ####...


Dungeon Overview and Level Annotations

Branches:
Dungeon (6/15)
 Temple: D:4-7

Altars:
Xom


Innate Abilities, Weirdness & Mutations

You are clumsy. (Dex -2)
You are resistant to hostile enchantments.
Your muscles are strong. (Str +2)


Message History

You aren't carrying any weapons that can be enchanted.
The hill giant hits you with a giant spiked club.
Drink which item? (? for menu, Esc to quit)
You feel much better.
It was a potion of heal wounds.
The hill giant closely misses you.
Drink which item? (? for menu, Esc to quit)
You feel extremely strange.
You feel stronger.
You feel resistant to hostile enchantments.
You feel clumsy.
It was a potion of mutation.
Unknown command.
Read which item? (? for menu, Esc to quit)
Okay, then.
Unknown command.
The hill giant hits you with a giant spiked club!
Ouch! That really hurt!
* * * LOW HITPOINT WARNING * * *
The hill giant hits you with a giant spiked club!
You die...

########
........#
#........#
#........#
#.......§#
#.."..§§§#
#.....§§§#
#.....@C§#
#.....§§§#
###+######


You could see a hill giant.

Vanquished Creatures
  Crazy Yiuf (D:2)
  Natasha (D:2)
  Terence (D:2)
  5 adders
  A gnoll (D:3)
  2 giant mites
  5 giant geckos
  3 orcs (D:3)
  2 giant cockroaches
  8 goblins
  4 hobgoblins
  4 jackals (D:2)
  7 kobolds
  A quokka (D:2)
  A ball python (D:2)
  13 bats
  5 giant newts (D:1)
  9 rats
73 creatures vanquished.

Notes
Turn   | Place    | Note
--------------------------------------------------------------
     0 | D:1      | Kae, the Deep Elf Fire Elementalist, began the quest for the Orb.
     0 | D:1      | Reached XP level 1. HP: 10/10 MP: 5/5
   302 | D:1      | Reached XP level 2. HP: 13/15 MP: 4/8
  1010 | D:1      | Reached XP level 3. HP: 19/19 MP: 9/11
  1272 | D:2      | Reached skill level 4 in Fire Magic
  1516 | D:2      | Noticed Crazy Yiuf
  1523 | D:2      | Learned a level 2 spell: Throw Flame
  1528 | D:2      | Killed Crazy Yiuf
  1528 | D:2      | Reached XP level 4. HP: 3/24 MP: 3/14
  1939 | D:2      | Noticed Terence
  1949 | D:2      | Killed Terence
  2106 | D:2      | Learned a level 3 spell: Conjure Flame
  2133 | D:2      | Reached XP level 5. HP: 21/28 MP: 7/18
  2141 | D:2      | Learned a level 4 spell: Sticky Flame
  2235 | D:3      | Noticed Natasha
  2248 | D:2      | Killed Natasha
  2869 | D:3      | Found a shimmering altar of Xom.
  2883 | D:3      | You fall through a shaft for 3 floors!
  2883 | D:6      | Noticed a hill giant
  2888 | D:6      | Gained mutation: Your muscles are strong. (Str +2) [potion of mutation]
  2888 | D:6      | Gained mutation: You are resistant to hostile enchantments. [potion of mutation]
  2888 | D:6      | Gained mutation: You are clumsy. (Dex -2) [potion of mutation]
  2890 | D:6      | Mangled by a hill giant

Action                   |  1- 3 |  4- 6 || total
-------------------------+-------+-------++-------
Melee: Unarmed           |    47 |    20 ||    67
 Cast: Flame Tongue      |    65 |    73 ||   138
       Throw Flame       |     1 |     5 ||     6
  Use: Scroll            |     3 |     3 ||     6
       Potion            |       |     2 ||     2
 Stab: Distracted        |     1 |       ||     1
